 Dungeon Crawl Stone Soup version 0.30.1-4-g462c640d31 (webtiles) character file.

Game seed: 2277896932197946925

3325 Peloso the Carver (level 9, 0/79 HPs)
             Began as a Minotaur Fighter on Aug 19, 2023.
             Was a Believer of Okawaru.
             Slain by a killer bee (5 damage)
             ... on level 7 of the Dungeon.
             The game lasted 00:11:38 (6940 turns).

Peloso the Carver (Minotaur Fighter)                Turns: 6940, Time: 00:11:39

Health: 0/79       AC: 21    Str: 21    XL:     9   Next: 71%
Magic:  8/8        EV:  7    Int:  5    God:    Okawaru [**....]
Gold:   1556       SH: 11    Dex: 14    Spells: 8/8 levels left

rFire   . . .        b - +7 war axe of Aduenuch {heavy, Fly rElec}
rCold   . . .        d - +0 buckler
rNeg    . . .        c - +0 plate armour
rPois   .            (helmet restricted)
rElec   +            G - +2 cloak
rCorr   .            (no gloves)
SInv    .            (no boots)
Will    .....        g - amulet of reflection Stlth
                     h - +4 ring of protection
HPRegen 0.33/turn    (no ring)
MPRegen 0.11/turn

%: reflection
@: lethally poisoned (0 -> -22), flying
A: horns 2, retaliatory headbutt
a: Renounce Religion, Heroism


You were on level 7 of the Dungeon.
You worshipped Okawaru.
Okawaru was pleased with you.
You visited 2 branches of the dungeon, and saw 9 of its levels.

You collected 1611 gold pieces.
You spent 55 gold pieces at shops.

Inventory:

Hand Weapons
 a - a +0 long sword
 b - the +7 war axe of Aduenuch (weapon) {heavy, Fly rElec}
   (You found it on level 6 of the Dungeon)

   rElec:     It insulates you from electricity.
   Fly:       It grants you flight.
Missiles
 f - 2 throwing nets (quivered)
Armour
 c - a +0 plate armour (worn)
 d - a +0 buckler (worn)
 G - a +2 cloak (worn)
Jewellery
 g - an amulet of reflection (around neck)
 h - a +4 ring of protection (left hand)
 i - a ring of fire
 B - a ring of ice
 E - a ring of flight
Wands
 j - a wand of charming (5)
 r - a wand of roots (8)
 v - a wand of quicksilver (8)
 y - a wand of flame (41)
Scrolls
 e - a scroll of fog
 k - 4 scrolls of identify
 q - 2 scrolls of teleportation
 t - a scroll of poison
 z - 3 scrolls of enchant armour
 A - 3 scrolls of fear {unknown}
 C - a scroll of vulnerability {unknown}
 D - a scroll of magic mapping
Potions
 l - 2 potions of flight
 m - a potion of brilliance
 n - 2 potions of lignification
 o - a potion of mutation
 p - 2 potions of heal wounds
 s - 6 potions of curing
 u - 2 potions of might
 w - 2 potions of berserk rage
 x - 3 potions of attraction
 F - a potion of haste


   Skills:
 + Level 7.0 Fighting
 + Level 9.7 Long Blades
 + Level 4.9 Axes
 + Level 8.3 Armour
 + Level 2.1 Dodging
 + Level 1.4 Stealth
 + Level 8.1 Shields
 + Level 0.2 Evocations


You had 8 spell levels left.
You didn't know any spells.
Your spell library contained the following spells:

 Spells                   Type           Power      Damage    Failure   Level
 Cigotuvi's Dreadful Rot  Necr/Pois/Air  0%         N/A       100%        2
 Scorch                   Fire           0%         2d5       100%        2
 Portal Projectile        Hex/Tloc       0%         N/A       100%        3
 Dispel Undead            Necr           0%         3d6       100%        4
 Flame Wave               Conj/Fire      0%         2d4       100%        4
 Leda's Liquefaction      Hex/Erth       0%         N/A       100%        4
 Call Canine Familiar     Summ           Unusable   N/A       N/A         3
 Death Channel            Necr           Unusable   N/A       N/A         6
 Summon Cactus Giant      Summ           Unusable   N/A       N/A         6

Dungeon Overview and Level Annotations

Branches:
Dungeon (8/15)             Temple (1/1) D:6
   Lair: D:8-11

Altars:
Ashenzari
Cheibriados
Dithmenos
Elyvilon
Gozag
Hepliaklqana
Makhleb
Nemelex Xobeh
Okawaru
Qazlal
Ru
Sif Muna
Trog
Uskayaw
Vehumet
Wu Jian
Xom
Yredelemnul
Zin
The Shining One

Shops:
D:5 *   D:6 [

Annotations:
D:6 4 runed translucent doors
D:7 Amaemon


Innate Abilities, Weirdness & Mutations

You have a pair of horns on your head.
You reflexively headbutt those who attack you in melee.


Message History

The killer bee closely misses you.
You fly upwards.
You feel extremely sick.
There is a stone staircase leading down here.
Unknown command.
You slice Amaemon!!
Amaemon is moderately wounded.
You hit the orc but do no damage. You closely miss the killer bee.
You hit the killer bee.
You feel extremely sick.
The killer bee stings you but does no damage.
You block the killer bee's attack. The killer bee barely misses you.
You furiously retaliate!
You headbutt the killer bee. The killer bee closely misses you.
You block the orc's attack.
Amaemon points at the killer bee and mumbles some strange words.
The killer bee seems to grow toxic.
The killer bee completely misses you. The killer bee stings you.
The orc barely misses you.
Amaemon hits you with a +0 demon whip of venom!
* * * LOW HITPOINT WARNING * * *
You are lethally poisoned!
You block Amaemon's attack. Amaemon tail-slaps you.
* * * LOW HITPOINT WARNING * * *
You are more poisoned.
Amaemon poisons you! The killer bee stings you.
* * * LOW HITPOINT WARNING * * *
The killer bee stings you but does no damage.
You hit Amaemon but do no damage.
Amaemon is moderately wounded.
You barely miss the killer bee. You barely miss the orc.
You barely miss the killer bee.
* * * LOW HITPOINT WARNING * * *
You feel extremely sick. The killer bee closely misses you.
The killer bee stings you but does no damage.
You block the killer bee's attack. x2; The orc barely misses you.
You furiously retaliate!
You headbutt the orc. Amaemon hits you but does no damage.
You block Amaemon's attack. x2
The killer bee stings you but does no damage.
The killer bee stings you.
You die...

.).##....##.......#
..##..##.#.......##
.....###..##...###
###....#.##.....####
##.....)..........###
##.......###...#.....#
.......<.#.###.....###
................y..#.##
###............y@6....#
###............o......###
##............#......##.#
.........#....#.........##
.........########........#
.........### #........##
...........#####........###
............##............###
..###.#..#..................#


You could see Amaemon, 2 killer bees and an orc.

Vanquished Creatures
  A komodo dragon (D:6)
  Grinder (D:5)
  Menkaure (D:6)
  Edmund (D:6)
  2 water moccasins (D:6)
  Duvessa (D:7)
  3 sky beasts (D:6)
  A centaur (D:6)
  2 ogres
  A phantom (D:6)
  4 bullfrogs
  4 scorpions
  Dowan (D:7)
  5 wights (D:7)
  A howler monkey (D:6)
  3 hounds
  3 orc priests
  2 gnoll boudas (D:6)
  Crazy Yiuf (D:7)
  3 jellies
  2 sleepcaps
  6 iguanas
  An orc wizard (D:5)
  7 gnolls
  8 adders
  3 white imps
  2 ufetubi
  A worm (D:5)
  A dart slug (D:1)
  13 orcs
  15 endoplasms
  A giant cockroach (D:4)
  6 goblins
  7 hobgoblins
  4 jackals (D:2)
  8 ball pythons
  6 bats
  2 frilled lizards
  8 kobolds
  7 rats
149 creatures vanquished.

Notes
Turn   | Place    | Note
-------+----------+-------------------------------------------
     0 | D:1      | Peloso the Minotaur Fighter began the quest for the Orb.
     0 | D:1      | Reached XP level 1. HP: 19/19 MP: 0/0
   228 | D:1      | Reached XP level 2. HP: 27/27 MP: 1/1
   570 | D:1      | Reached skill level 3 in Long Blades
   729 | D:1      | Identified a scroll of acquirement
   799 | D:2      | Reached XP level 3. HP: 33/33 MP: 2/2
  1507 | D:3      | Found a sparkling altar of Nemelex Xobeh.
  1515 | D:3      | Reached XP level 4. HP: 40/40 MP: 3/3
  1656 | D:3      | Found a faded altar of an unknown god.
  1816 | D:3      | Identified the +6 dagger "Zoalajat" {antimagic, rCorr}
  2004 | D:3      | Reached skill level 4 in Long Blades
  2039 | D:3      | Reached XP level 5. HP: 16/47 MP: 4/4
  2450 | D:3      | Found a glowing silver altar of Zin.
  2611 | D:3      | Acquired 1266 gold pieces
  2646 | D:4      | Noticed an ogre
  2677 | D:4      | Killed an ogre
  2678 | D:4      | Reached skill level 1 in Dodging
  2722 | D:4      | Reached skill level 5 in Armour
  2901 | D:4      | Reached skill level 5 in Long Blades
  2901 | D:4      | Reached XP level 6. HP: 53/53 MP: 5/5
  3381 | D:5      | Entered Level 5 of the Dungeon
  3457 | D:5      | Reached skill level 5 in Fighting
  3540 | D:5      | Found a shadowy altar of Dithmenos.
  3738 | D:5      | Reached skill level 5 in Shields
  3738 | D:5      | Reached XP level 7. HP: 61/61 MP: 6/6
  3784 | D:5      | Noticed Grinder
  3789 | D:5      | Paralysed by Grinder for 4 turns
  3798 | D:5      | Paralysed by Grinder for 4 turns
  3806 | D:5      | Killed Grinder
  3807 | D:5      | Reached skill level 6 in Long Blades
  4364 | D:5      | Reached skill level 7 in Long Blades
  4443 | D:5      | Found Oxtuqeeb's General Store.
  4454 | D:5      | Bought a scroll of identify for 22 gold pieces
  4454 | D:5      | Bought a potion of lignification for 33 gold pieces
  4678 | D:6      | Reached XP level 8. HP: 52/69 MP: 7/7
  4741 | D:6      | You fall into a shaft and drop 1 floor!
  4787 | D:7      | Noticed Duvessa
  4970 | D:7      | Noticed Dowan
  5007 | D:6      | Reached skill level 8 in Long Blades
  5102 | D:6      | Found Nalughebb's Armour Boutique.
  5188 | D:6      | Found a hide-covered altar of Uskayaw.
  5334 | D:6      | Found a large runed translucent door.
  5334 | D:6      | Found a large runed translucent door.
  5404 | D:6      | Reached skill level 9 in Long Blades
  5408 | D:6      | Identified the +7 war axe of Aduenuch {heavy, Fly rElec}
  5436 | D:6      | Identified the +8 long sword "Grim" {freeze, rF+}
  5448 | D:6      | Found a staircase to the Ecumenical Temple.
  5481 | Temple   | Entered the Ecumenical Temple
  5529 | Temple   | Became a worshipper of Warmaster Okawaru
  5640 | D:6      | Reached XP level 9. HP: 78/78 MP: 8/8
  5648 | D:6      | Found a large runed translucent door.
  5648 | D:6      | Found a large runed translucent door.
  5681 | D:6      | Noticed a komodo dragon
  5687 | D:6      | Killed a komodo dragon
  5687 | D:6      | Reached * piety under Okawaru
  5688 | D:6      | Reached skill level 1 in Axes
  5940 | D:6      | Noticed Edmund
  5947 | D:6      | Killed Edmund
  6087 | D:6      | Noticed Menkaure
  6092 | D:6      | Killed Menkaure
  6385 | D:7      | Killed Duvessa
  6408 | D:7      | Killed Dowan
  6432 | D:7      | Reached ** piety under Okawaru
  6433 | D:7      | Reached skill level 1 in Stealth
  6701 | D:7      | Found a runed translucent door.
  6702 | D:7      | Noticed Crazy Yiuf
  6869 | D:7      | Killed Crazy Yiuf
  6931 | D:8      | Noticed Amaemon
  6931 | D:8      | Noticed an orange demon
  6940 | D:7      | Slain by a killer bee

Illustrated notes

Levels and vault maps discovered:
D:1:      tekkud_arrival_beachfront_property, layout_loops_ring,
          amcnicky_mini_rare_corridor_liquid
D:2:      layout_basic, minmay_heptomino_d4
D:3:      layout_basic, zin_statuary, overflow_temple_1_default, serial_glass,
          glass_columns_a, glass_columns_a, hellmonk_ecumenical_altar_blasted,
          nrook_mini_backslash
D:4:      layout_basic, minmay_circle_x
D:5:      layout_basic, general_overflow_altar, serial_shops,
          nicolae_shop_tiny_waterfront, uniq_grinder
D:6:      cheibrodos_helix_gallery, layout_gridville, kennysheep_little_box,
          minmay_temple_entry_overgrown, serial_shops,
          nicolae_shop_temple_entry_statues_fountains,
          minmay_hollow_rounded_squares, uniq_menkaure, uniq_edmund
D:7:      layout_cave_pools, uniq_duvessa, uniq_crazy_yiuf_cottage
D:8:      kb_forest_paths, layout_rooms, grunt_lair_entry_orc_guard_hut,
          uniq_amaemon, uniq_maurice
Temple:   nicolae_temple_bog_church

Skill      XL: |  1  2  3  4  5  6  7  8  9 |
---------------+----------------------------+-----
Fighting       | 4 5 6 7 |  7.0
Armour         | 4 5 6 7 8 |  8.3
Shields        | 4 5 7 8 |  8.1
Long Blades    | 3 4 5 7 9 |  9.7
Dodging        | 1 2 |  2.1
Axes           | 4 |  4.9
Stealth        | 1 |  1.4
Evocations     | |  0.2

Action                     |  1- 3 |  4- 6 |  7- 9 || total
---------------------------+-------+-------+-------++-------
  Melee: Long sword        |    90 |   151 |   149 ||   390
         Headbutt          |     8 |    16 |    50 ||    74
         War axe           |       |       |    65 ||    65
  Evoke: Wand              |       |       |     2 ||     2
    Use: Scroll            |     6 |     1 |     7 ||    14
         Potion            |     2 |     1 |     1 ||     4
 Armour: Scale mail        |    41 |    35 |       ||    76
         Plate armour      |       |    57 |   165 ||   222
  Dodge: Dodged            |    45 |    59 |    58 ||   162
  Block: Buckler           |    18 |    63 |   148 ||   229
         Reflection        |       |     5 |     4 ||     9
